 Dungeon Crawl Stone Soup version 0.28-a0-1074-g3cb2360906 (webtiles) character file.

Game seed: 675207709753960622

74 Peloso the Covered (level 4, -2/41 HPs)
             Began as a Minotaur Fighter on Dec 9, 2021.
             Slain by Sigmund (10 damage)
             ... on level 3 of the Dungeon.
             The game lasted 00:02:37 (2233 turns).

Peloso the Covered (Minotaur Fighter)               Turns: 2233, Time: 00:02:39

Health: -2/41      AC:  7    Str: 21    XL:     4   Next: 10%
Magic:  3/3        EV:  9    Int:  5    God:
Gold:   83         SH:  5    Dex: 11    Spells: 3/3 levels left

rFire   . . .      SeeInvis .   a - +0 long sword
rCold   . . .      Faith    .   c - +0 buckler
rNeg    . . .      Spirit   .   b - +0 scale mail
rPois   .          Reflect  .   (helmet restricted)
rElec   .          Harm     .   (no cloak)
rCorr   .          Rampage  .   (no gloves)
Will    .....                   (no boots)
Stlth   ..........              (no amulet)
HPRegen 0.13/turn               (no ring)
MPRegen 0.08/turn               (no ring)

@: mighty, attractive
A: horns 2, retaliatory headbutt
a: no special abilities


You were on level 3 of the Dungeon.
You visited 1 branch of the dungeon, and saw 3 of its levels.

You collected 83 gold pieces.

Inventory:

Hand Weapons
 a - a +0 long sword (weapon)
Armour
 b - a +0 scale mail (worn)
 c - a +0 buckler (worn)
Jewellery
 i - a +6 ring of intelligence
Wands
 j - a wand of flame (16)
Scrolls
 h - a scroll of amnesia {unknown}
Potions
 e - a potion of curing
 f - a potion of magic {unknown}
 g - a potion of attraction


   Skills:
 + Level 4.4 Fighting
 + Level 2.8 Long Blades
 + Level 4.5 Armour
 + Level 4.4 Shields


You had 3 spell levels left.
You didn't know any spells.
Your spell library contained the following spells:

 Spells                   Type           Power      Damage    Failure   Level
 Animate Skeleton         Necr           0%         N/A       80%         1
 Apportation              Tloc           0%         N/A       80%         1
 Summon Small Mammal      Summ           0%         N/A       80%         1


Dungeon Overview and Level Annotations

Branches:
Dungeon (3/15)

Altars:
Ashenzari
Cheibriados
Gozag
Uskayaw
Yredelemnul

Annotations:
D:3 Sigmund


Innate Abilities, Weirdness & Mutations

You have a pair of horns on your head.
You reflexively headbutt those who attack you in melee.


Message History

You hit the hobgoblin. You headbutt the hobgoblin.
You kill the hobgoblin!
Found a hunting sling.
You see here a +0 hunting sling.
You now have 83 gold pieces (gained 9).
h - a scroll labelled NAWNEA YDEATA
Found a stone staircase leading down.
Found a broken altar of Ashenzari.
Found a basalt altar of Yredelemnul and a snail-covered altar of Cheibriados.
Found an opulent altar of Gozag.
Sigmund the Dreaded comes into view.
He is wielding a +1 scythe of holy wrath.
Sigmund shouts!
Sigmund is nearby!
Found a scroll labelled ZEGOIG LASIS.
It was a potion of attraction.
You feel attractive to monsters. Sigmund is attracted toward you.
You feel very mighty all of a sudden.
Sigmund says, "Look into my eyes."
Sigmund casts a spell at you.
You are confused.
You bump into the rock wall.
Sigmund barely misses you.
Sigmund hits you from afar with a +1 scythe of holy wrath!
Sigmund is attracted toward you.
You're too confused to move!
You bump into the rock wall.
Sigmund hits you with a +1 scythe of holy wrath.
You bump into the rock wall.
Sigmund hits you with a +1 scythe of holy wrath!
You bump into the rock wall.
You feel less confused. Sigmund misses you. You furiously retaliate!
You headbutt Sigmund. You closely miss Sigmund.
Sigmund is lightly wounded.
Sigmund hits you with a +1 scythe of holy wrath!
* * * LOW HITPOINT WARNING * * *
You slash Sigmund!
Sigmund is severely wounded.
Sigmund hits you with a +1 scythe of holy wrath!
You die...

.....#? ..#
.......#..#
..........#
......_...#
....._8_..#
......_...#
..........# #@..#
#@..#######
##.........
#####...#######
.......>........
########.#########
#........#......#
#.###....#.####.#
... ##.##.#.##.#.#
....##.....#....#.#


You could see Sigmund.

Vanquished Creatures
  Jessica (D:2)
  An adder (D:2)
  7 ball pythons
  2 bats (D:1)
  2 endoplasms
  3 giant cockroaches
  5 goblins
  3 hobgoblins
  2 jackals (D:2)
  A quokka (D:2)
  2 frilled lizards (D:2)
  5 kobolds
  3 rats
37 creatures vanquished.

Notes
Turn   | Place    | Note
-------+----------+-------------------------------------------
     0 | D:1      | Peloso the Minotaur Fighter began the quest for the Orb.
     0 | D:1      | Reached XP level 1. HP: 19/19 MP: 0/0
   141 | D:1      | Reached XP level 2. HP: 27/27 MP: 1/1
   960 | D:2      | Reached XP level 3. HP: 24/33 MP: 2/2
  1111 | D:2      | Noticed Jessica
  1123 | D:2      | Killed Jessica
  1445 | D:2      | Found a hide-covered altar of Uskayaw.
  1536 | D:2      | Reached XP level 4. HP: 41/41 MP: 3/3
  2217 | D:3      | Found a broken altar of Ashenzari.
  2218 | D:3      | Found a basalt altar of Yredelemnul.
  2218 | D:3      | Found a snail-covered altar of Cheibriados.
  2219 | D:3      | Found an opulent altar of Gozag.
  2221 | D:3      | Noticed Sigmund
  2233 | D:3      | Slain by Sigmund

Illustrated notes

Levels and vault maps discovered:
D:1:      nicolae_arrival_memento_mori, layout_basic, serial_park_tiny_1,
          minmay_split_cup_small
D:2:      layout_basic, basic_altar, uniq_jessica
D:3:      layout_basic, chequers_temple_overflow_statue_of_worship,
          mainiacjoe_overflow_brackets, serial_shops, shop, uniq_sigmund

Skill      XL: |  1  2 |
---------------+-------+-----
Shields        | 4 |  4.4
Fighting       | 4 |  4.4
Armour         | 4 |  4.5
Long Blades    | |  2.8

Action                   |  1- 3 |  4- 6 || total
-------------------------+-------+-------++-------
Melee: Long sword        |    52 |    16 ||    68
       Headbutt          |     6 |     2 ||     8
  Use: Potion            |     1 |     2 ||     3
       Scroll            |       |     1 ||     1
Armor: Scale mail        |    26 |     7 ||    33
Dodge: Dodged            |    30 |     6 ||    36
Block: Buckler           |    13 |     5 ||    18

Table legend: (Time is in decaauts)
 A = Elapsed time spent in this place.
 B = Non-inter-level travel time spent in this place.
 C = Inter-level travel time spent in this place.
 D = Time resting spent in this place.
 E = Time spent auto-exploring this place.
 F = Levels seen in this place.
 G = Mean time per level.
                   A        B        C        D        E       F      G
               +--------+--------+--------+--------+--------+-----+--------+
         Total |   2251 |   2148 |    103 |      0 |   1845 |   3 |  750.3 |
       Dungeon |   2251 |   2148 |    103 |      0 |   1845 |   3 |  750.3 |
               +--------+--------+--------+--------+--------+-----+--------+

Top non-repeatable levels by time:
     D:2: 1122 daAuts
     D:1: 886 daAuts
     D:3: 241 daAuts
